 Dungeon Crawl Stone Soup version 0.28-a0-1567-g1695149f81 (webtiles) character file.

Game seed: 16256854123337046657

115 southernslant the Grave Robber (level 4, 0/32 HPs)
             Began as a Vampire Necromancer on Jan 20, 2022.
             Killed from afar by Natasha (10 damage)
             ... with a magic dart
             ... on level 2 of the Dungeon.
             The game lasted 00:05:31 (1764 turns).

southernslant the Grave Robber (VpNe)               Turns: 1764, Time: 00:05:31

Health: 0/32       AC:  3    Str:  9    XL:     4   Next: 68%
Magic:  1/8        EV: 13    Int: 17    God:
Gold:   58         SH:  0    Dex: 14    Spells: 3/8 levels left

rFire   . . .      SeeInvis +   b - +0 dagger
rCold   . . .      Faith    .   (no shield)
rNeg    . . .      Spirit   .   a - +0 robe
rPois   .          Reflect  .   (no helmet)
rElec   .          Harm     .   (no cloak)
rCorr   .          Rampage  .   l - +0 pair of gloves
Will    .....                   (no boots)
Stlth   ++........              e - amulet of the acrobat
HPRegen 0.30/turn               (no ring)
MPRegen 0.11/turn               (no ring)

@: very slightly contaminated, healing quickly, slowed, very slow
A: alive, fangs 3, see invisible, vampiric 2
a: Exsanguinate


You were on level 2 of the Dungeon.
You visited 1 branch of the dungeon, and saw 2 of its levels.

You collected 58 gold pieces.

Inventory:

Hand Weapons
 b - a +0 dagger (weapon)
Missiles
 g - 3 curare-tipped darts
 h - 5 boomerangs (quivered)
 m - 34 stones
Armour
 a - a +0 robe (worn)
 l - a +0 pair of gloves (worn)
Jewellery
 d - an amulet of magic regeneration
 e - an amulet of the acrobat (around neck)
Scrolls
 f - 3 scrolls of identify {unknown}
 i - a scroll of enchant weapon {unknown}
 j - a scroll of magic mapping {unknown}
Potions
 c - 3 potions of heal wounds {unknown}
 k - a potion of ambrosia {unknown}


   Skills:
 * Level 1.5 Fighting
 * Level 1.3 Short Blades
 + Level 0.4 Throwing
 + Level 0.4 Armour
 * Level 3.1 Dodging
 + Level 3.6 Stealth
 * Level 2.6 Spellcasting
 + Level 4.6 Necromancy


You had 3 spell levels left.
You knew the following spells:

 Your Spells              Type           Power      Damage    Failure   Level
a - Pain                  Necr           68%        1d7       2%          1
b - Animate Skeleton      Necr           34%        N/A       2%          1
c - Vampiric Draining     Necr           17%        2d7       9%          3

Your spell library contained the following spells:

 Spells                   Type           Power      Damage    Failure   Level
 Animate Dead             Necr           8%         N/A       26%         4
 Agony                    Necr           17%        N/A       58%         5


Dungeon Overview and Level Annotations

Branches:
Dungeon (2/15)

Altars:

Annotations:
D:2 Natasha


Innate Abilities, Weirdness & Mutations

Your natural rate of healing is accelerated.
You have razor-sharp teeth.
You have supernaturally acute eyesight. (SInv)
You are afflicted with vampirism and can become a bat while bloodless.


Message History

Aim: Natasha (almost dead, chance to affect: 75%) Natasha writhes in agony.
You kill Natasha!
Natasha screams in pain as she dies!
Natasha, Servant of Life and Death comes into view.
Casting: Pain (safe; 2% risk of failure)
Confirm with . or Enter, or press ? or * to list all spells.
You attempt to give life to the dead...
Before your eyes, flesh is ripped from the corpse!
The dead are walking!
Natasha hisses angrily.
Casting: Animate Skeleton (safe; 2% risk of failure)
Confirm with . or Enter, or press ? or * to list all spells.
Aiming: Pain (safe; 2% risk of failure)
Press: ? - help, Shift-Dir - straight line, f - Natasha
Aim: Natasha (ally target, chance to affect: 75%) Natasha writhes in agony.
Natasha closely misses Natasha.
Natasha stares at you and mumbles some strange words.
You feel yourself slow down.
Casting: Pain (safe; 2% risk of failure)
Confirm with . or Enter, or press ? or * to list all spells.
Aiming: Pain (safe; 2% risk of failure)
Press: ? - help, Shift-Dir - straight line, f/p - Natasha
Aim: Natasha (lightly wounded, ally target, chance to affect: 75%)
You miscast Pain.
You are very lightly contaminated with residual magic.
Nothing appears to happen.
Natasha claws Natasha!
Natasha casts a spell at you. You resist with some effort.
Casting: Pain (safe; 2% risk of failure)
Confirm with . or Enter, or press ? or * to list all spells.
Aiming: Pain (safe; 2% risk of failure)
Press: ? - help, Shift-Dir - straight line, f/p - Natasha
Aim: Natasha (severely wounded, ally target, chance to affect: 75%) Natasha writhes in agony.
Natasha casts a spell.
Natasha barely misses Natasha.
Natasha stares at you and mumbles some strange words.
The magic dart hits you!
You die...

# ###.#####... ......
##..## # ###..# #....#
#.# #)##.# ... #)##.#
.. ###รท##.##########
#####...##..........#
##........###5Z......#
.........<###h..@....#
##........##...^.....#
.#...................#
.#.........##........#
.#........###........#
.#........# ##########
..........#
.########## .#


You could see Natasha (ally target), a crimson imp (summoned) and the friendly
Natasha the felid skeleton.

Vanquished Creatures
  Natasha (twice) (D:2)
  2 adders (D:2)
  3 dart slugs
  3 ball pythons
  An endoplasm (D:1)
  4 giant cockroaches
  5 goblins
  4 hobgoblins
  4 kobolds
  2 quokkas (D:1)
  3 bats
  4 frilled lizards
  3 rats (D:1)
40 creatures vanquished.

Notes
Turn   | Place    | Note
-------+----------+-------------------------------------------
     0 | D:1      | southernslant the Vampire Necromancer began the quest for
                  | the Orb.
     0 | D:1      | Reached XP level 1. HP: 13/13 MP: 3/3
    12 | D:1      | Noticed a demonspawn zombie
   122 | D:1      | Learned a level 1 spell: Animate Skeleton
   275 | D:1      | Reached XP level 2. HP: 6/20 MP: 0/5
   805 | D:1      | Reached skill level 1 in Fighting
  1080 | D:2      | Gained mutation: You are afflicted with vampirism and can
                  | become a bat while bloodless. [Vampire growth]
  1080 | D:2      | Reached XP level 3. HP: 26/26 MP: 6/6
  1445 | D:2      | Learned a level 3 spell: Vampiric Draining
  1507 | D:2      | Reached skill level 1 in Short Blades
  1583 | D:2      | Noticed Natasha
  1598 | D:2      | Killed Natasha
  1599 | D:2      | Reached XP level 4. HP: 17/32 MP: 1/7
  1739 | D:2      | Noticed Natasha
  1753 | D:2      | Killed Natasha
  1759 | D:2      | Noticed Natasha
  1764 | D:2      | Killed from afar by Natasha

Illustrated notes

Levels and vault maps discovered:
D:1:      shiori_arrival_whats_in_store_for_you, layout_loops_corners,
          minmay_3d_cube
D:2:      layout_rooms, uniq_natasha

Skill      XL: |  1  2  3 |
---------------+----------+-----
Fighting       | 1 |  1.5
Short Blades   | 1 |  1.3
Dodging        | 3 |  3.1
Throwing       | |  0.4
Armour         | |  0.4
Stealth        | |  3.6
Spellcasting   | |  2.6
Necromancy     | |  4.6

Action                   |  1- 3 |  4- 6 || total
-------------------------+-------+-------++-------
Melee: Dagger            |   138 |    19 ||   157
       Bite              |    13 |     1 ||    14
Throw: Boomerang         |     1 |     1 ||     2
 Cast: Pain              |    25 |     7 ||    32
       Animate Skeleton  |     3 |     3 ||     6
       Vampiric Draining |     2 |       ||     2
 Stab: Sleeping          |     9 |       ||     9
Armor: Robe              |    28 |     2 ||    30
Dodge: Dodged            |   102 |    14 ||   116

Table legend: (Time is in decaauts)
 A = Elapsed time spent in this place.
 B = Non-inter-level travel time spent in this place.
 C = Inter-level travel time spent in this place.
 D = Time resting spent in this place.
 E = Time spent auto-exploring this place.
 F = Levels seen in this place.
 G = Mean time per level.
                   A        B        C        D        E       F      G
               +--------+--------+--------+--------+--------+-----+--------+
         Total |   1777 |   1749 |     28 |      0 |   1296 |   2 |  888.5 |
       Dungeon |   1777 |   1749 |     28 |      0 |   1296 |   2 |  888.5 |
               +--------+--------+--------+--------+--------+-----+--------+

Top non-repeatable levels by time:
     D:1: 1159 daAuts
     D:2: 618 daAuts
